 Dungeon Crawl Stone Soup version 0.19.0-19-g8c6edcc (webtiles) character file.

58 theRoog the Skirmisher (level 3, -2/35 HPs)
             Began as a Minotaur Berserker on Nov 14, 2016.
             Was a Believer of Trog.
             Slain by a gnoll
             ... wielding a +0 halberd
              (4 damage)
             ... on level 2 of the Dungeon.
             The game lasted 00:02:30 (1095 turns).

theRoog the Skirmisher (Minotaur Berserker)         Turns: 1095, Time: 00:02:33

Health: -2/35      AC: 11    Str: 22    XL:     3   Next: 75%
Magic:  2/2        EV:  4    Int:  4    God:    Trog [**....]
Gold:   85         SH:  0    Dex:  9    Spells: 0 memorised, 2 levels left

rFire  . . .     SeeInvis .     a - +0 spear
rCold  . . .     Gourm    .     g - +0 plate armour
rNeg   . . .     Faith    .     (no shield)
rPois  .         Spirit   .     (helmet restricted)
rElec  .         Reflect  .     (no cloak)
rCorr  .         Harm     .     (no gloves)
MR     .....                    (no boots)
Stlth  ..........               (no amulet)
                                (no ring)
                                (no ring)

@: lethally poisoned (-2 -> -10), exhausted, held, slowed, very slow
A: retaliatory headbutt, horns 2
a: Berserk, Trog's Hand, Burn Spellbooks, Renounce Religion


You were on level 2 of the Dungeon.
You worshipped Trog.
Trog was pleased with you.
You were near starving.

You visited 1 branch of the dungeon, and saw 2 of its levels.

You collected 85 gold pieces.

Inventory:

Hand Weapons
 a - a +0 spear (weapon)
Armour
 b - a +0 animal skin
 d - a +0 scale mail
 g - a +0 plate armour (worn)
Jewellery
 k - an uncursed ring of fire {unknown}
 m - an uncursed ring of wizardry {unknown}
 o - a cursed -4 ring of intelligence {unknown}
Scrolls
 f - a scroll of teleportation {unknown}
 h - a scroll of fear {unknown}
 i - a scroll of noise {unknown}
 j - 3 scrolls of identify {unknown}
 l - a scroll of blinking {unknown}
Potions
 e - a potion of curing {unknown}
 n - 2 potions of magic {unknown}
 q - a potion of lignification {unknown}
Comestibles
 c - a bread ration
 p - a meat ration


   Skills:
 + Level 4.8 Fighting
 + Level 4.3 Polearms
 + Level 2.8 Armour
 + Level 2.4 Dodging


You had 2 spell levels left.
You didn't know any spells.

Dungeon Overview and Level Annotations

Branches:
Dungeon (2/15)

Altars:
Elyvilon


Innate Abilities, Weirdness & Mutations

You reflexively headbutt those who attack you in melee.
You have a pair of horns on your head.


Message History

* * * LOW HITPOINT WARNING * * *
The gnoll hits you but does no damage.
You feel your anger subside.
* * * LOW HITPOINT WARNING * * *
You feel sick.
The gnoll throws a throwing net.
The throwing net hits you.
You become entangled in the net!
You see here a throwing net.
You struggle against the net.
You are no longer berserk.
You are exhausted.
You feel yourself slow down.
* * * LOW HITPOINT WARNING * * *
You feel sick. The adder bites you but does no damage.
You struggle against the net.
* * * LOW HITPOINT WARNING * * *
You feel sick. The adder bites you but does no damage.
The gnoll hits you but does no damage. The gnoll barely misses you.
The adder bites you but does no damage. The gnoll hits you but does no damage.
The gnoll hits you from afar with a halberd.
You die...

.......# #.#
.......# #.#
.......#### #.#
###......... #.# #
#......... #.# #
#.......... #.# # #
#.......... #.# .# .
........#####'###.#
#####.##.##....@S..#
.# .##....gg..# ##
#....g...#
+........... .#
#.......#.#.# #.#
..#####......# #.#
##. .....###
####.#### # ......
...#.##.. .....#


You could see 3 gnolls and an adder.

Vanquished Creatures
  2 adders (D:2)
  An ooze (D:1)
  A worm (D:2)
  4 bats
  A giant cockroach (D:2)
  2 goblins (D:1)
  4 hobgoblins
  5 jackals (D:2)
  2 quokkas (D:2)
  2 ball pythons
  3 frilled lizards
  3 kobolds (D:1)
  A rat (D:1)
31 creatures vanquished.

Notes
Turn   | Place    | Note
-------+----------+-------------------------------------------
     0 | D:1      | theRoog the Minotaur Berserker began the quest for the Orb.
     0 | D:1      | Reached XP level 1. HP: 19/19 MP: 0/0
   110 | D:1      | Reached XP level 2. HP: 24/27 MP: 1/1
   760 | D:2      | Reached XP level 3. HP: 22/33 MP: 2/2
   774 | D:2      | Found a faded altar of an unknown god.
   795 | D:2      | Reached ** piety under Trog
   933 | D:2      | Found a white marble altar of Elyvilon.
  1095 | D:2      | Slain by a gnoll

Skill      XL: |  1  2 |
---------------+-------+-----
Polearms       | 4 |  4.3
Fighting       | 4 |  4.8
Armour         | |  2.8
Dodging        | |  2.4

Action                   || total
-------------------------++-------
Melee: Spear             ||   118
       Headbutt          ||    12
Invok: Berserk           ||     1
Armor: Plate armour      ||    73
Dodge: Dodged            ||    28
